 Dungeon Crawl Stone Soup version bcrawl-1.23.3-19-gdc5968f444 (webtiles) character file.

Game seed: 9178403104029513389

4513 Majang the Cleaver (level 10, -5/86 HPs)
             Began as a Sand Dwarf Sloth Apostle on June 9, 2020.
             Was a High Priest of Cheibriados.
             Slain by a rust devil (7 damage)
             ... summoned by a deep elf mage
             ... on level 8 of the Dungeon.
             The game lasted 00:40:40 (8574 turns).

Majang the Cleaver (Sand Dwarf Sloth Apostle)       Turns: 8574, Time: 00:40:40

Health: -5/86      AC: -4    Str: 33    XL:     10   Next: 39%
Magic:  13/13      EV:  9    Int: 28    God:    Cheibriados [*****.]
Gold:   639        SH: 12    Dex: 24    Spells: 12/12 levels left

rFire    . . .     SeeInvis .   a - +0 war axe
rCold    . . .     Gourm    .   y - +0 buckler
rNeg     + . .     Faith    .   L - +0 plate armour
rPois    .         Spirit   .   w - +0 helmet
rElec    .         Reflect  +   (no cloak)
rCorr    .         Harm     .   v - +0 pair of gloves
MR       +....                  (no boots)
Stlth    ..........             G - +4 amulet of reflection
HPRegen  0.24/turn              g - ring of stealth
MPRegen  0.13/turn              H - ring of positive energy

@: about to teleport, corroded, lightly drained, very slow
A: small, slowness 1, armour attunement
a: Bend Time, Temporal Distortion, Slouch, Step From Time, Renounce Religion


You were on level 8 of the Dungeon.
You worshipped Cheibriados.
Cheibriados was extremely pleased with you.
You were not hungry.

You visited 2 branches of the dungeon, and saw 9 of its levels.

You collected 639 gold pieces.

Inventory:

Hand Weapons
 a - a +0 war axe (weapon)
 b - a +1 hunting sling
 D - a +0 flail
 K - a +0 hand axe
Missiles
 z - 1202 sling bullets
Armour
 c - a +0 medium shield
 v - a +0 pair of gloves (worn)
 w - a +0 helmet (worn)
 y - a +0 buckler (worn)
 J - the cursed +1 leather armour of Ziyfi {+Inv Dex+3}
   (You took it off an orc on level 6 of the Dungeon)

   It affects your dexterity (+3).
   It lets you turn invisible.
   It has a curse placed upon it.
 L - a +0 plate armour (worn)
Jewellery
 g - a ring of stealth (left hand)
 B - a +6 ring of intelligence {unknown}
 G - a +4 amulet of reflection (around neck)
 H - a ring of positive energy (right hand)
Wands
 d - a wand of paralysis (17)
 n - a wand of acid (4)
 x - a wand of iceblast (7)
 E - a wand of random effects (19)
 I - a wand of flame (30)
 O - a wand of digging (3)
Scrolls
 f - 7 scrolls of identify
 i - 2 scrolls of enchant weapon
 j - 3 scrolls of magic mapping
 q - 2 scrolls of teleportation
 s - 2 scrolls of fog
 C - a scroll of amnesia
 F - a scroll of immolation
Potions
 h - 3 potions of degeneration {unknown}
 k - a potion of lignification
 l - 2 potions of flight {unknown}
 m - 2 potions of ambrosia
 o - a potion of berserk rage {unknown}
 p - a potion of haste {unknown}
 r - 3 potions of heal wounds
 t - 2 potions of curing
 u - a potion of cancellation {unknown}
 A - a potion of resistance {unknown}
 M - 2 potions of agility {unknown}
Comestibles
 e - 11 rations {!d}
 N - 3 chunks of flesh


   Skills:
 + Level 7.1(6.5) Fighting
 * Level 9.8(9.1) Axes
 + Level 5.1(4.5) Slings
 + Level 6.6(6.0) Armour
 + Level 0.7(0.2) Dodging
 - Level 2.4(1.9) Stealth
 + Level 5.8(5.2) Shields
 - Level 1.8(1.3) Spellcasting
   Level 0.7(0.2) Hexes
 + Level 4.8(4.3) Invocations
 - Level 1.3(0.8) Evocations


You had 12 spell levels left.
You didn't know any spells.
Your spell library contained the following spells:

 Spells                   Type           Power        Failure   Level  Hunger
 Blink Other              Tloc           #.....       22%         1    #......
 Blink                    Tloc           N/A          34%         2    ###....
 Portal Projectile        Tloc           #.....       56%         3    ###....
 Teleport Other           Tloc           #.......     56%         3    ###....
 Passage of Golubria      Tloc           N/A          99%         5    ######.


Dungeon Overview and Level Annotations

Branches:
Dungeon (8/12)             Temple (1/1) D:7            Lair (0/6) D:7
    Orc: D:8-11

Altars:
Ashenzari
Cheibriados
Dithmenos
Elyvilon
Fedhas
Gozag
Hepliaklqana
Kikubaaqudgha
Lugonu
Makhleb
Nemelex Xobeh
Okawaru
Qazlal
Ru
Sif Muna
Trog
Uskayaw
Vehumet
Wu Jian
Xom
Yredelemnul
Zin
The Shining One

Annotations:
D:4 3 runed translucent doors, Foic's ghost, amateur DjWz


Innate Abilities, Weirdness & Mutations

You are small and have problems with some larger weapons.
You cover ground slowly.
Armour does not affect your spellcasting.


Message History

The hell rat disappears in a puff of smoke!
The hell rat bites you. You block the red devil's attack.
The rust devil hits you! The rust devil corrodes you!
You miss the deep elf mage.
The deep elf mage is moderately wounded.
You hit the rust devil but do no damage.
You block the red devil's attack. The rust devil hits you!
* * * LOW HITPOINT WARNING * * *
The rust devil corrodes you!
As you read the scroll of teleportation, it crumbles to dust.
You feel strangely unstable. You block the red devil's attack.
The deep elf mage hits you with a +0 dagger.
* * * LOW HITPOINT WARNING * * *
The rust devil hits you.
* * * LOW HITPOINT WARNING * * *
The rust devil corrodes you! The redback bites you!
* * * LOW HITPOINT WARNING * * *
The rust devil hits you!
You die...

#.#.#.#.#.#.#.#.## .#.#
#.#.#.#.#.#.#.#.#.#
.^#.#.# .#.#.#.#.#.#.##
#.#.# .#.#.#.#.#.#.#
#.#.# #.#.#.#.#.#.##
#.#.#.# #.#4#.#.#.#.#.#
##.#.#.#e#r#.#.#.#.#.##
#.#.#s#.#s#.#.#.#.#.#.#
###.#.#@#.#r#.#.#.#.#.##
#..#.#.#4#.#.#.#.#.#.#.#
#.#.#.#.#.#.#.#.#.#.#.##
+..#.#4#)#.#.#.#.#.#.#.#
#.#.#.#r#.#.#.#.#.#.#.##
#..#.#.#.#.#.#.#.#.#.#.#
#.#.#r#.#.#.#.#.#.#.#.##
#..#.#.#.#.#.#.#.#.#.#..
#.#.#.#.#.#.#.#.#.#.#.#.


You could see a rust devil, a deep elf mage and a redback.

Vanquished Creatures
  Grinder (D:6)
  A hippogriff (D:7)
  A yak (D:7)
  A basilisk (D:7)
  A hungry ghost (D:7)
  A crocodile (D:7)
  A water moccasin (D:8)
  2 ice beasts
  2 sky beasts
  A black bear (D:6)
  6 orc warriors
  3 phantoms
  2 ogres
  A centaur (D:6)
  A big kobold (D:7)
  3 bullfrogs
  A wyvern skeleton (D:5)
  8 killer bees (D:7)
  5 crimson imps
  2 quasits
  A hound (D:8)
  A jelly (D:7)
  9 orc wizards
  2 bullfrog zombies
  4 orc priests
  3 iguanas
  A gnoll shaman (D:8)
  A bullfrog skeleton (D:5)
  3 worker ants (D:4)
  A hound zombie (D:6)
  A hound skeleton (D:5)
  A howler monkey zombie (D:8)
  7 gnolls
  7 adders
  2 shadow imps
  3 oozes
  An adder zombie (D:8)
  2 adder skeletons (D:5)
  7 worms
  A dart slug (D:1)
  3 leopard geckos
  33 orcs
  3 giant cockroaches
  4 goblins
  4 hobgoblins
  16 jackals
  3 quokkas
  4 bats (D:1)
  4 frilled lizards
  A jackal skeleton (D:4)
  11 kobolds
  4 rats
  2 plants (D:1)
194 creatures vanquished.

Vanquished Creatures (others)
  An orc (D:6)
  A fungus (D:7)
  A plant (D:7)
3 creatures vanquished.

Grand Total: 197 creatures vanquished

Notes
Turn   | Place    | Note
-------+----------+-------------------------------------------
     0 | D:1      | Majang the Sand Dwarf Sloth Apostle began the quest for the
                  | Orb.
     0 | D:1      | Reached XP level 1. HP: 18/18 MP: 2/2
   339 | D:1      | Reached XP level 2. HP: 10/25 MP: 3/3
   449 | D:1      | Reached skill level 3 in Axes
   963 | D:2      | HP: 1/25 [worm (3)]
   964 | D:2      | Reached XP level 3. HP: 2/30 MP: 4/4
  1147 | D:2      | Reached skill level 1 in Armour
  1295 | D:2      | Reached * piety under Cheibriados
  1993 | D:3      | Reached XP level 4. HP: 13/37 MP: 6/6
  2853 | D:3      | Reached ** piety under Cheibriados
  2902 | D:3      | Reached skill level 1 in Invocations
  2902 | D:3      | Reached XP level 5. HP: 42/45 MP: 7/7
  3133 | D:3      | Reached skill level 4 in Axes
  3133 | D:3      | Reached skill level 1 in Slings
  3522 | D:4      | Reached XP level 6. HP: 48/51 MP: 8/8
  3685 | D:4      | Found a corrupted altar of Lugonu.
  3907 | D:4      | Reached *** piety under Cheibriados
  4108 | D:4      | Found a runed translucent gate.
  4108 | D:4      | Found a runed translucent gate.
  4108 | D:4      | Found a runed translucent gate.
  4110 | D:4      | Noticed Foic's ghost (amateur DjWz)
  4311 | D:4      | Reached skill level 5 in Axes
  4369 | D:4      | Reached XP level 7. HP: 59/59 MP: 9/9
  4742 | D:5      | Entered Level 5 of the Dungeon
  5124 | D:5      | Reached skill level 6 in Axes
  5168 | D:5      | Reached XP level 8. HP: 57/67 MP: 10/10
  5243 | D:5      | Reached **** piety under Cheibriados
  6032 | D:5      | Reached skill level 5 in Fighting
  6203 | D:6      | Reached skill level 7 in Axes
  6361 | D:6      | Noticed Grinder
  6375 | D:6      | Killed Grinder
  6375 | D:6      | Reached skill level 5 in Armour
  6375 | D:6      | Reached XP level 9. HP: 75/75 MP: 11/11
  6625 | D:6      | Identified the cursed +1 leather armour of Ziyfi {+Inv
                  | Dex+3}
  6739 | D:6      | Reached skill level 8 in Axes
  6770 | D:6      | Found a shimmering altar of Xom.
  6904 | D:7      | Reached ***** piety under Cheibriados
  6948 | D:7      | Found a staircase to the Ecumenical Temple.
  6954 | Temple   | Entered the Ecumenical Temple
  7351 | D:7      | Reached skill level 5 in Shields
  7604 | D:7      | Reached skill level 9 in Axes
  7716 | D:7      | Found a staircase to the Lair.
  7771 | D:7      | Reached XP level 10. HP: 78/84 MP: 13/13
  8267 | D:8      | Reached skill level 5 in Slings
  8534 | D:8      | Noticed a deep elf mage
  8566 | D:8      | Noticed a rust devil
  8574 | D:8      | HP: 2/86 [redback[a deep elf mage] (11)]
  8574 | D:8      | Slain by a rust devil

Skill      XL: |  1  2  3  4  5  6  7  8  9 10 |
---------------+-------------------------------+-----
Axes           | 3 4 5 6 7 9 |  9.8
Armour         | 1 2 3 5 6 |  6.6
Fighting       | 3 4 5 6 7 |  7.1
Invocations    | 1 2 3 4 |  4.8
Slings         | 1 2 3 4 5 |  5.1
Shields        | 3 4 5 |  5.8
Dodging        | |  0.7
Stealth        | |  2.4
Spellcasting   | |  1.8
Hexes          | |  0.7
Evocations     | |  1.3

Action                   |  1- 3 |  4- 6 |  7- 9 | 10-12 || total
-------------------------+-------+-------+-------+-------++-------
Melee: Hand axe          |   274 |   250 |   156 |       ||   680
       War axe           |       |       |   156 |   129 ||   285
 Fire: Hunting sling     |       |    43 |    82 |     1 ||   126
  Use: Potion            |     1 |       |     3 |     1 ||     5
       Scroll            |       |     9 |     6 |     1 ||    16
 Stab: Sleeping          |     5 |     1 |       |       ||     6
       Distracted        |       |       |     1 |       ||     1
  Eat: Chunk             |     3 |     5 |     6 |       ||    14
       Ration            |       |       |     2 |       ||     2
Armor: Robe              |     9 |       |       |       ||     9
       Skin              |    24 |       |     8 |       ||    32
       Ring mail         |    72 |     2 |       |       ||    74
       Chain mail        |       |   130 |    55 |       ||   185
       Plate armour      |       |       |   123 |    63 ||   186
Dodge: Dodged            |    37 |    85 |    98 |    47 ||   267
Block: Medium shield     |    91 |       |       |       ||    91
       Buckler           |       |   100 |   185 |    92 ||   377
       Reflection        |       |       |    12 |       ||    12
